[Event "17th Capechecs Open 2019"]
[Site "Cap d'Agde"]
[Date "2019.10.31"]
[Round "7.2"]
[White "Flom, Gabriel"]
[Black "Bellahcene, Bilel"]
[Result "1/2-1/2"]
[ECO "D46"]
[WhiteElo "2497"]
[BlackElo "2540"]
[Annotator "ChessBase"]
[PlyCount "31"]
[EventDate "2019.10.26"]
[EventType "swiss"]
[EventCountry "FRA"]
[SourceTitle "playchess.com"]
[Source "ChessBase"]
[SourceQuality "1"]
[TimeControl "5400+30"]

1. d4 d5 2. c4 e6 3. Nc3 c6 4. Nf3 Nf6 5. e3 Nbd7 6. Bd3 Bb4 7. O-O O-O 8. Bd2 c5 9. cxd5 exd5 10. dxc5 Nxc5 11. Be2 Ne6 12. a3 Be7 13. Bd3 Nc5 14. Be2 Ne6 15. Bd3 Nc5 16. Be2 1/2-1/2

[Event "17th Capechecs Open 2019"]
[Site "Cap d'Agde"]
[Date "2019.10.31"]
[Round "7.3"]
[White "Stany, G.A."]
[Black "Burmakin, Vladimir"]
[Result "1/2-1/2"]
[ECO "B12"]
[WhiteElo "2504"]
[BlackElo "2507"]
[Annotator "ChessBase"]
[PlyCount "74"]
[EventDate "2019.10.26"]
[EventType "swiss"]
[EventCountry "FRA"]
[SourceTitle "playchess.com"]
[Source "ChessBase"]
[SourceQuality "1"]
[TimeControl "5400+30"]

1. e4 c6 2. d4 d5 3. e5 Bf5 4. Nf3 e6 5. Be2 Nd7 6. O-O Bg6 7. b3 Nh6 8. c4 Nf5 9. Na3 f6 10. Nc2 fxe5 11. dxe5 Nc5 12. Ncd4 Nxd4 13. Nxd4 a5 14. Be3 Qd7 15. Rc1 Be7 16. Bg4 Bf7 17. cxd5 cxd5 18. Be2 O-O 19. Bb5 Qc7 20. a3 Qb8 21. f4 Kh8 22. Qg4 Qd8 23. b4 axb4 24. axb4 Ra3 25. bxc5 Rxe3 26. Nxe6 Bxe6 27. Qxe6 d4 28. Qc4 g5 29. e6 Rxf4 30. Bd7 Bf6 31. Rxf4 gxf4 32. Qd5 Qa5 33. Rf1 Re1 34. Qd6 Kg7 35. e7 Bxe7 36. Qxd4+ Bf6 37. Qxf4 Qxc5+ 1/2-1/2

[Event "17th Capechecs Open 2019"]
[Site "Cap d'Agde"]
[Date "2019.11.01"]
[Round "8.1"]
[White "Bellahcene, Bilel"]
[Black "Sivuk, Vitaly"]
[Result "1-0"]
[ECO "B33"]
[WhiteElo "2540"]
[BlackElo "2559"]
[Annotator "ChessBase"]
[PlyCount "117"]
[EventDate "2019.10.26"]
[EventType "swiss"]
[EventCountry "FRA"]
[SourceTitle "playchess.com"]
[Source "ChessBase"]
[SourceQuality "1"]
[TimeControl "5400+30"]

1. e4 c5 2. Nf3 Nc6 3. d4 cxd4 4. Nxd4 Nf6 5. Nc3 e5 6. Ndb5 d6 7. Bg5 a6 8. Na3 b5 9. Nd5 Be7 10. Bxf6 Bxf6 11. c4 b4 12. Nc2 O-O 13. g3 Be6 14. Bg2 Bxd5 15. Qxd5 Qb6 16. O-O Bg5 17. Rad1 Rfd8 18. Kh1 Ra7 19. b3 h5 20. f4 Bf6 21. Qd3 Qa5 22. Rd2 Nd4 23. Ne3 Re8 24. Nd5 Bd8 25. Rdf2 Re6 26. Qd2 Rh6 27. Bh3 Qc5 28. Qxb4 Qxb4 29. Nxb4 h4 30. Kg2 hxg3 31. hxg3 exf4 32. Rxf4 a5 33. Nd5 Bg5 34. R4f2 Nc6 35. Bg4 Ne5 36. Be2 Re6 37. Rf5 Bd2 38. Rd1 Bb4 39. Rh5 Bc5 40. Rdh1 Ng6 41. Bf3 Re5 42. R5h3 Rg5 43. Bh5 Ne5 44. Bg4 Ng6 45. Bf5 Rb7 46. Bxg6 fxg6 47. Rh8+ Kf7 48. Rf1+ Ke6 49. Re8+ Kd7 50. Rff8 Re5 51. Ra8 Ke6 52. Rfe8+ Kd7 53. Rxe5 dxe5 54. Rxa5 Bd4 55. c5 Kc6 56. b4 Rf7 57. a4 Rf2+ 58. Kh3 Re2 59. Ra7 {[%emt 0:00:22] Kxd5} 1-0

[Event "17th Capechecs Open 2019"]
[Site "Cap d'Agde"]
[Date "2019.11.01"]
[Round "8.2"]
[White "Shchekachev, Andrei"]
[Black "Flom, Gabriel"]
[Result "0-1"]
[ECO "E07"]
[WhiteElo "2524"]
[BlackElo "2497"]
[Annotator "ChessBase"]
[PlyCount "63"]
[EventDate "2019.10.26"]
[EventType "swiss"]
[EventCountry "FRA"]
[SourceTitle "playchess.com"]
[Source "ChessBase"]
[SourceQuality "1"]
[TimeControl "5400+30"]

1. Nf3 d5 2. d4 Nf6 3. c4 c6 4. Nc3 e6 5. g3 dxc4 6. Bg2 Nbd7 7. a4 Be7 8. O-O O-O 9. e4 b6 10. Qe2 Ba6 11. Rd1 Rc8 12. Bf4 Re8 13. h4 Bb4 14. Na2 Be7 15. Nc3 Bb4 16. Qc2 Qe7 17. e5 Nd5 18. Ng5 f5 19. exf6 gxf6 20. Nh3 Bxc3 21. bxc3 Bb7 22. Bc1 c5 23. Nf4 cxd4 24. Rxd4 Ne5 25. Nxd5 Bxd5 26. Rxd5 exd5 27. Bxd5+ Kh8 28. Be3 Rcd8 29. Bg2 Rd3 30. Bd4 Qd6 31. Qb2 Rd8 32. Re1 0-1

[Event "17th Capechecs Open 2019"]
[Site "Cap d'Agde"]
[Date "2019.11.01"]
[Round "8.3"]
[White "Burmakin, Vladimir"]
[Black "Barseghyan, Harutyun"]
[Result "1/2-1/2"]
[ECO "A06"]
[WhiteElo "2507"]
[BlackElo "2500"]
[Annotator "ChessBase"]
[PlyCount "67"]
[EventDate "2019.10.26"]
[EventType "swiss"]
[EventCountry "FRA"]
[SourceTitle "playchess.com"]
[Source "ChessBase"]
[SourceQuality "1"]
[TimeControl "5400+30"]

1. Nf3 c5 2. e3 d5 3. b3 Nf6 4. Bb2 g6 5. c4 Bg7 6. cxd5 O-O 7. Qc2 Qxd5 8. Nc3 Qd8 9. Be2 Bf5 10. d3 Nc6 11. Rd1 Rc8 12. Qb1 e5 13. O-O Qe7 14. Ne4 Nxe4 15. dxe4 Be6 16. Qa1 f6 17. Qc1 Rfd8 18. Bc4 Bf8 19. Ba3 Nb4 20. Rxd8 Rxd8 21. Bxb4 cxb4 22. Bxe6+ Qxe6 23. Qc7 Rd7 24. Qc8 Qc6 25. Qxc6 bxc6 26. Rc1 c5 27. Kf1 a5 28. Ke2 a4 29. bxa4 Ra7 30. Kd3 Rxa4 31. Rc2 Kf7 32. Nd2 Ke6 33. Kc4 Kd6 34. Nb3 1/2-1/2

[Event "17th Capechecs Open 2019"]
[Site "Cap d'Agde"]
[Date "2019.11.01"]
[Round "8.4"]
[White "Moskalenko, Viktor"]
[Black "Stany, G.A."]
[Result "0-1"]
[ECO "D90"]
[WhiteElo "2475"]
[BlackElo "2504"]
[Annotator "ChessBase"]
[PlyCount "130"]
[EventDate "2019.10.26"]
[EventType "swiss"]
[EventCountry "FRA"]
[SourceTitle "playchess.com"]
[Source "ChessBase"]
[SourceQuality "1"]
[TimeControl "5400+30"]

1. d4 Nf6 2. c4 g6 3. Nc3 d5 4. cxd5 Nxd5 5. Bd2 Nb6 6. Nf3 Bg7 7. Bg5 c5 8. dxc5 N6d7 9. e3 h6 10. Bh4 O-O 11. Rc1 Nc6 12. Bb5 g5 13. Bg3 Nxc5 14. O-O Be6 15. Qe2 Qb6 16. Bxc6 bxc6 17. Nd4 Bd7 18. h4 gxh4 19. Bxh4 e5 20. Nb3 Nxb3 21. axb3 Qb4 22. Bg3 Qxb3 23. Ne4 Bf5 24. Nc5 Qb5 25. Qf3 Bg6 26. e4 Qxb2 27. Nd7 Rfe8 28. Nf6+ Bxf6 29. Qxf6 Re6 30. Qh4 Kh7 31. Rce1 a5 32. f4 exf4 33. Bxf4 h5 34. e5 a4 35. Bc1 Qc3 36. Re3 Qc5 37. Qf2 a3 38. Rxa3 Qxf2+ 39. Rxf2 Rxa3 40. Bxa3 Rxe5 41. Rf6 Ra5 42. Be7 Ra1+ 43. Rf1 Rxf1+ 44. Kxf1 Be4 45. g3 Kg6 46. Kf2 Kf5 47. Ke3 Ke5 48. Ba3 Bg6 49. Bb2+ Kd5 50. Bf6 c5 51. Be7 Bf5 52. Bf6 Bd7 53. Be7 c4 54. Bf6 Ke6 55. Bc3 Kf5 56. Bd4 Kg4 57. Kf2 Be6 58. Bc3 Bd5 59. Bd4 Bb7 60. Bc3 Bc8 61. Bd4 f5 62. Be5 f4 63. Bxf4 h4 64. Be5 h3 65. Kg1 Kf3 0-1